 Dungeon Crawl Stone Soup version 0.27.1-33-g824d729ab1 (webtiles) character file.

Game seed: 805155514679666061

18 jlumianski the Skirmisher (level 2, 0/19 HPs)
             Began as a Gargoyle Monk on Dec 12, 2021.
             Slain by a hound (2 damage)
             ... on level 1 of the Dungeon.
             The game lasted 00:02:02 (876 turns).

jlumianski the Skirmisher (Gargoyle Monk)            Turns: 876, Time: 00:02:03

Health: 0/19       AC:  8    Str: 14    XL:     2   Next: 66%
Magic:  2/2        EV:  9    Int: 10    God:
Gold:   15         SH:  3    Dex: 12    Spells: 1/1 levels left

rFire    . . .     SeeInvis .   a - +0 hand axe
rCold    . . .     Faith    .   c - +0 buckler
rNeg     + . .     Spirit   .   e - +0 scale mail
rPois    ∞         Reflect  .   (no helmet)
rElec    +         Harm     .   (no cloak)
rCorr    .         Rampage  .   (no gloves)
Will     .....                  (no boots)
Stlth    +.........             (no amulet)
HPRegen  0.06/turn              (no ring)
MPRegen  0.08/turn              (no ring)

@: no status effects
A: sickness immunity, AC +2, negative energy resistance 1, electricity
resistance, torment resistance 1, petrification resistance
a: no special abilities


You were on level 1 of the Dungeon.
You visited 1 branch of the dungeon, and saw 2 of its levels.

You collected 15 gold pieces.

Inventory:

Hand Weapons
 a - a +0 hand axe (weapon)
Missiles
 f - 24 stones (quivered)
Armour
 b - a +0 robe
 c - a +0 buckler (worn)
 d - a +0 leather armour
 e - a +0 scale mail (worn)
 g - a +0 chain mail
Scrolls
 h - a scroll of enchant weapon {unknown}


   Skills:
 + Level 3.5 Fighting
 + Level 2.9 Axes
 + Level 2.8 Dodging
 + Level 2.2 Stealth


You had one spell level left.
You didn't know any spells.
Your spell library was empty.

Dungeon Overview and Level Annotations

Branches:
Dungeon (2/15)

Altars:


Innate Abilities, Weirdness & Mutations

You are immune to sickness and miasma.
Your stone body is resilient. (AC +2)
You are immune to poison.
You resist negative energy. (rN+)
You are resistant to electric shocks. (rElec)
You are resistant to unholy torment.
You are immune to petrification.


Message History

The hound is heavily wounded.
The hound bites you but does no damage. The hound bites you.
You hit the hound.
The hound is severely wounded.
The hound barely misses you. The hound bites you but does no damage.
You closely miss the hound.
The hound is heavily wounded.
The hound bites you but does no damage. x2
You hit the hound but do no damage.
The hound is heavily wounded.
The hound bites you.
You hit the hound.
The hound is heavily wounded.
The hound bites you but does no damage. x2
You hit the hound.
The hound is severely wounded.
The hound bites you. The hound bites you but does no damage.
Your shield and scale mail prevent you from hitting the hound.
The hound is severely wounded.
The hound misses you. The hound barely misses you.
You hit the hound.
The hound is almost dead.
The hound bites you. The hound bites you but does no damage.
The hound bites you but does no damage. The hound barely misses you.
The hound bites you but does no damage. The hound barely misses you.
The hound bites you. The hound barely misses you. The hound bites you.
* * * LOW HITPOINT WARNING * * *
The hound bites you but does no damage.
The hound stops to sniff the ground.
The hound bites you but does no damage.
There is a stone staircase leading up here.
The hound bites you but does no damage.
You climb upwards.
There is a stone staircase leading down here.
The hound bites you.
You die...

..... ....##.
...... ....# ....
..# #####..#.#
#.h@.....#
#.#.##.###.#
#.#....# #.#
##.#..#.# #.#
##.....##....#
##......# ###.#
#.......# #.#
#.......#####.####
#................#


You could see a hound.

Vanquished Creatures
  A ball python (D:1)
  3 endoplasms (D:1)
  3 goblins (D:1)
  A hobgoblin (D:1)
  2 kobolds (D:1)
  A quokka (D:1)
  4 bats (D:1)
  A rat (D:1)
16 creatures vanquished.

Notes
Turn   | Place    | Note
-------+----------+-------------------------------------------
     0 | D:1      | jlumianski the Gargoyle Monk began the quest for the Orb.
     0 | D:1      | Reached XP level 1. HP: 14/14 MP: 1/1
   231 | D:1      | Found a faded altar of an unknown god.
   372 | D:1      | Reached XP level 2. HP: 17/19 MP: 2/2
   876 | D:1      | Slain by a hound

Illustrated notes

Levels and vault maps discovered:
D:1:      dpeg_arrival_radiant, layout_loops_ring,
          shapermc_ecumenical_altar_mp_highgroup, minmay_quantized
D:2:      cheibrodos_helix_gallery, layout_basic, basic_altar,
          minmay_lizard_pond

Action                   || total
-------------------------++-------
Melee: Hand axe          ||    66
Armor: Scale mail        ||    36
       Leather armour    ||     3
       Robe              ||     1
Dodge: Dodged            ||    48
Block: Buckler           ||     9
